 Dungeon Crawl Stone Soup version 0.26-a0-540-g8a0c9464d7 (webtiles) character file.

Game seed: 17430593955773062437

21 Gorglomux the Skirmisher (level 2, 9/37 HPs)
             Began as a Palentonga Fighter on Aug 21, 2020.
             Quit the game on level 1 of the Dungeon.
             The game lasted 00:00:42 (271 turns).

Gorglomux the Skirmisher (Palentonga Fighter)        Turns: 271, Time: 00:00:42

Health: 9/37       AC: 21    Str: 19    XL:     2   Next: 65%
Magic:  2/2        EV:  1    Int:  8    God:
Gold:   2          SH:  8    Dex:  9    Spells: 1/1 levels left

rFire    . . .     SeeInvis +   a - +0 war axe
rCold    . . .     Faith    .   c - +0 kite shield
rNeg     + + +     Spirit   .   (armour currently unavailable)
rPois    +         Reflect  .   (helmet currently unavailable)
rElec    .         Harm     .   (cloak currently unavailable)
rCorr    .         NoTele   +   (gloves currently unavailable)
MR       .....                  (boots currently unavailable)
Stlth    +.........             (no amulet)
HPRegen  0.12/turn              (no ring)
MPRegen  0.08/turn              (no ring)

@: lethally poisoned (9 -> -8), tree-form, stab
A: large, rugged brown scales 3, see invisible
a: no special abilities


You were on level 1 of the Dungeon.
You were a tree.
You visited 1 branch of the dungeon, and saw 1 of its levels.

You collected 2 gold pieces.

Inventory:

Hand Weapons
 a - a +0 war axe (weapon)
Armour
 b - a +0 scale mail (melded)
 c - a +0 kite shield (worn)
Scrolls
 e - a scroll of magic mapping {unknown}
Potions
 d - a potion of might


   Skills:
 + Level 3.5 Fighting
 + Level 2.7 Axes
 - Level 2.4 Armour
 - Level 2.4 Shields


You had one spell level left.
You didn't know any spells.
Your spell library was empty.

Dungeon Overview and Level Annotations

Branches:
Dungeon (1/15)

Altars:


Innate Abilities, Weirdness & Mutations

(You are completely covered in rugged brown scales. (AC +3, +7% HP))
You have supernaturally acute eyesight. (SInv)
((Armour fits poorly on your strangely shaped body.))
((You can roll at foes to attack.))
((You have a long armoured tail.))


Message History

You slash the kobold!
You kill the kobold!
You closely miss the goblin. The goblin hits you but does no damage.
You are poisoned.
A goblin comes into view. It is wielding a +0 club.
The goblin hits you but does no damage.
You are more poisoned.
Your shield and scale mail prevent you from hitting the goblin.
Your tail-slap misses the goblin.
You feel very sick. The goblin hits you but does no damage.
You are lethally poisoned!
You closely miss the goblin.
Your shield and scale mail prevent you from hitting the goblin.
You feel very sick. The goblin hits you but does no damage.
You are more poisoned.
The goblin hits you with a +0 club.
The goblin hits you with a +2 dagger of venom.
It was a potion of lignification.
You turn into a tree.
Your +0 scale mail melds into your body.
Your roots penetrate the ground.
You feel sick. The goblin hits you but does no damage.
You block the goblin's attack.
It was a potion of stabbing.
You feel ready to backstab.
You feel very sick. The goblin hits you but does no damage.
You block the goblin's attack.
You slash the goblin!
You kill the goblin!
You closely miss the goblin.
You feel sick. You block the goblin's attack.
You closely miss the goblin.
You feel very sick. The goblin hits you but does no damage.
You barely miss the goblin.
You feel very sick. The goblin hits you but does no damage.
You block the goblin's attack.
You closely miss the goblin.
* * * LOW HITPOINT WARNING * * *
You feel sick. The goblin hits you but does no damage.
You are too injured to fight recklessly!
You slash the goblin!
You kill the goblin!
* * * LOW HITPOINT WARNING * * *
You feel sick.
You are too injured to fight recklessly!
You cannot move.
You are too injured to fight recklessly!
You cannot move.
There is a lethal amount of poison in your body!
Are you sure you want to abandon this character and quit the game? (Confirm with "yes".)

....†...(..........# ##.
.###..........####.##...
.........####..$....#.#
.........# #.###.....#
......#+## #.# #....$#
......# ##+###.....##.
......# #.............
......# +.$.......###.
......# #....♣).......
####### #....)....###.
#.........# #..$[####+#
#?... #####


There were no monsters in sight!

Vanquished Creatures
  3 dart slugs (D:1)
  A bat (D:1)
  A giant cockroach (D:1)
  2 goblins (D:1)
  2 hobgoblins (D:1)
  A frilled lizard (D:1)
  2 kobolds (D:1)
  3 rats (D:1)
15 creatures vanquished.

Notes
Turn   | Place    | Note
-------+----------+-------------------------------------------
     0 | D:1      | Gorglomux the Palentonga Fighter began the quest for the
                  | Orb.
     0 | D:1      | Reached XP level 1. HP: 19/19 MP: 1/1
   142 | D:1      | Reached XP level 2. HP: 24/25 MP: 2/2
   271 | D:1      | Quit the game

Illustrated notes

Levels and vault maps discovered:
D:1:      scummos_arrival_simple_crosswalls, layout_basic, serial_bayou_pond_e

Action                   || total
-------------------------++-------
Melee: War axe           ||    28
       Tailslap          ||     2
 Abil: Rolling Charge    ||    11
  Use: Potion            ||     2
Armor: Scale mail        ||     9
       Skin              ||     4
Dodge: Dodged            ||     5
Block: Kite shield       ||     8

Table legend: (Time is in decaauts)
 A = Elapsed time spent in this place.
 B = Non-inter-level travel time spent in this place.
 C = Inter-level travel time spent in this place.
 D = Time resting spent in this place.
 E = Time spent auto-exploring this place.
 F = Levels seen in this place.
 G = Mean time per level.
                   A        B        C        D        E       F      G
               +--------+--------+--------+--------+--------+-----+--------+
         Total |    282 |    282 |      0 |      0 |    206 |   1 |  282.0 |
       Dungeon |    282 |    282 |      0 |      0 |    206 |   1 |  282.0 |
               +--------+--------+--------+--------+--------+-----+--------+

Top non-repeatable levels by time:
     D:1: 282 daAuts
